 Dungeon Crawl Stone Soup version 0.29-a0-334-gb41bcbb86e (webtiles) character file.

Game seed: 10934553269706673810

43 zishaf the Gusty (level 3, -8/20 HPs)
             Began as a Tengu Air Elementalist on Apr 15, 2022.
             Killed by a puff of flame (14 damage)
             ... invoked by the fury of Makhleb
             ... on level 2 of the Dungeon.
             The game lasted 00:01:58 (1586 turns).

zishaf the Gusty (Tengu Air Elementalist)           Turns: 1586, Time: 00:01:59

Health: -8/20      AC:  4    Str:  8    XL:     3   Next: 58%
Magic:  7/7        EV: 11    Int: 17    God:
Gold:   33         SH:  0    Dex: 14    Spells: 5/6 levels left

rFire   . . .      SeeInvis .   d - +1 dagger (elec)
rCold   + . .      Faith    .   (no shield)
rNeg    . . .      Spirit   .   c - +1 leather armour {rC+}
rPois   .          Reflect  .   (helmet restricted)
rElec   .          Harm     .   (no cloak)
rCorr   .          Rampage  .   (no gloves)
Will    +....                   (boots unavailable)
Stlth   ++........              (no amulet)
HPRegen 0.06/turn               i - ring of willpower
MPRegen 0.10/turn               (no ring)

@: no status effects
A: beak, talons 3
a: no special abilities


You were on level 2 of the Dungeon.
You visited 1 branch of the dungeon, and saw 2 of its levels.

You collected 33 gold pieces.

Inventory:

Hand Weapons
 d - a +1 dagger of electrocution (weapon)
Armour
 a - a +0 robe
 c - a +1 leather armour of cold resistance (worn)
Jewellery
 i - a ring of willpower (left hand)
Scrolls
 e - a scroll of enchant weapon {unknown}
 h - a scroll of teleportation {unknown}
Potions
 b - a potion of magic
 f - 2 potions of degeneration {unknown}
 g - a potion of might {unknown}


   Skills:
 + Level 1.2 Fighting
 + Level 1.1 Short Blades
 - Level 2.1 Dodging
 - Level 2.0 Stealth
 - Level 2.0 Spellcasting
 - Level 2.0 Conjurations
 * Level 5.0 Air Magic


You had 5 spell levels left.
You knew the following spells:

 Your Spells              Type           Power      Damage    Failure   Level
a - Shock                 Conj/Air       52%        1d6       7%          1

Your spell library contained the following spells:

 Spells                   Type           Power      Damage    Failure   Level
 Static Discharge         Conj/Air       13%        N/A       10%         2
 Swiftness                Air            18%        N/A       11%         3
 Airstrike                Air            9%         N/A       34%         4


Dungeon Overview and Level Annotations

Branches:
Dungeon (2/15)

Altars:
Makhleb


Innate Abilities, Weirdness & Mutations

You have a beak for a mouth.
You have claws for feet.


Message History

You see here a quokka corpse.
Found a stone staircase leading down.
i - a ring of willpower (left hand)
A rat comes into view.
The rat bites you.
You hit the rat but do no damage. You claw the rat.
You kill the rat!
No target in view!
HP restored.
There is a stone staircase leading down here.
You now have 33 gold pieces (gained 7).
An adder comes into view.
The adder hisses angrily.
The adder closely misses you.
You hit the adder. Lightning courses through the adder!
Your peck misses the adder.
The adder is almost dead.
The adder bites you.
You closely miss the adder. Your kick misses the adder.
The adder is almost dead.
The adder bites you.
You barely miss the adder. You claw the adder.
You kill the adder!
Your Air Magic skill increases to level 5!
No target in view!
Makhleb rains destruction down upon you!
The splash of acid hits you!
Ouch! That really hurt!
* * * LOW HITPOINT WARNING * * *
The acid corrodes you! The divine experience confuses you!
You are confused.
You start resting.
You feel less confused.
You start resting.
You are no longer corroded.
You start resting.
Makhleb rains destruction down upon you!
The puff of flame hits you!
Ouch! That really hurt!
You die...

#########.######.#####
............>........#
######.#.#.####.##.##
#.#.#....#.##.#
########.#.#.##.#.##.#
................#.##.#
########.#.#.#..#.##.#
#.#.#.# #^##.# #.#@#.#
#.##.# #.#.#.# #.##.#
#.#.# #.##.# #.#.#
#.##.# #.#.# #.##.#
#.#.#.####.##.#
#.#.#......##.# #
..........##.#
#..#.######.##.#


You could see the fury of Makhleb (unaware).

Vanquished Creatures
  An adder (D:2)
  2 dart slugs (D:1)
  4 bats (D:1)
  2 endoplasms (D:1)
  2 giant cockroaches (D:1)
  4 goblins (D:1)
  2 kobolds (D:1)
  2 quokkas
  2 ball pythons (D:1)
  5 frilled lizards
  5 rats
31 creatures vanquished.

Vanquished Creatures (others)
  3 plants (D:1)
3 creatures vanquished.

Grand Total: 34 creatures vanquished

Notes
Turn   | Place    | Note
-------+----------+-------------------------------------------
     0 | D:1      | zishaf the Tengu Air Elementalist began the quest for the
                  | Orb.
     0 | D:1      | Reached XP level 1. HP: 10/10 MP: 4/4
    92 | D:1      | Found a faded altar of an unknown god.
    96 | D:1      | Prayed at the altar of an unknown god.
    96 | D:1      | Became a worshipper of Makhleb the Destroyer
    96 | D:1      | Reached * piety under Makhleb
   142 | D:1      | Fell from the grace of Makhleb
   163 | D:1      | Reached XP level 2. HP: 14/16 MP: 6/6
   407 | D:1      | Reached skill level 1 in Fighting
   407 | D:1      | Reached XP level 3. HP: 13/20 MP: 7/7
   566 | D:1      | Reached skill level 1 in Short Blades
  1478 | D:2      | Reached skill level 5 in Air Magic
  1500 | D:2      | HP: 1/20 [divine wrath (16)]
  1586 | D:2      | Killed by a puff of flame

Illustrated notes

Levels and vault maps discovered:
D:1:      co_arrival_square_in_a_square_in_a_square, layout_loops_ring,
          shapermc_ecumenical_altar_venn, st_stairs_7, hex_large,
          serial_bayou_lake_a
D:2:      layout_basic

Skill      XL: |  1  2  3 |
---------------+----------+-----
Conjurations   | 2 |  2.0
Fighting       | 1 |  1.2
Short Blades   | 1 |  1.1
Air Magic      | 5 |  5.0
Dodging        | |  2.1
Stealth        | |  2.0
Spellcasting   | |  2.0

Action                   || total
-------------------------++-------
Melee: Dagger            ||    73
       Kick              ||    18
       Peck              ||     9
       Punch             ||     1
 Cast: Shock             ||     3
Invok: Renounce Religion ||     1
 Stab: Sleeping          ||     3
Armor: Leather armour    ||    23
Dodge: Dodged            ||    33

Table legend: (Time is in decaauts)
 A = Elapsed time spent in this place.
 B = Non-inter-level travel time spent in this place.
 C = Inter-level travel time spent in this place.
 D = Time resting spent in this place.
 E = Time spent auto-exploring this place.
 F = Levels seen in this place.
 G = Mean time per level.
                   A        B        C        D        E       F      G
               +--------+--------+--------+--------+--------+-----+--------+
         Total |   1601 |   1584 |     17 |    390 |    983 |   2 |  800.5 |
       Dungeon |   1601 |   1584 |     17 |    390 |    983 |   2 |  800.5 |
               +--------+--------+--------+--------+--------+-----+--------+

Top non-repeatable levels by time:
     D:1: 1371 daAuts
     D:2: 230 daAuts
